NYP
HILLSBORO HOPS @ SALEM-KEIZER VOLCANOES
04/29/2047
 
TOP OF THE 1ST
Hillsboro Hops batting - Pitching for Salem-Keizer Volcanoes : RHP Dan Giles
Pitching: RHP Dan Giles
Batting: RHB Longfellow Wetzler 0-0: Ball
1-0: Ball
2-0: Ball
3-0: Foul Ball, location: 2F
3-1: Foul Ball, location: 2F
3-2: Strikes out looking
Batting: RHB Nelson Ozuna 0-0: Called Strike
0-1: Ball
1-1: SINGLE (Flyball, 8LS, EV 96.2 MPH)
Batting: LHB Koson Hirai 0-0: Ball
1-0: Ball
2-0: SINGLE (Groundball, 56D, EV 103.8 MPH)
Nelson Ozuna to second
Batting: RHB Terry Jarrells 0-0: Swinging Strike
0-1: Fielders Choice at 2nd, 4-6 (Groundball, 4M, EV 89.4 MPH)
Nelson Ozuna to third
Batting: RHB D.J. Cooke 0-0: DOUBLE (Line Drive, 89D, EV 106.2 MPH)
Nelson Ozuna scores
Terry Jarrells to third
Runner from 3rd tries for Home, SAFE, throw by CF to trailing runner, SAFE at third!
Batting: RHB Sean Tanner Balk!
D.J. Cooke scores
0-0: Foul Ball, location: 2F
0-1: Ball
1-1: Ball
2-1: Foul Ball, location: 2F
2-2: Ground out 6-3 (Groundball, 6, EV 84.4 MPH)
Top of the 1st over - 3 runs, 3 hits, 0 errors, 0 left on base; Hillsboro 3 - Salem-Keizer 0
BOTTOM OF THE 1ST
Salem-Keizer Volcanoes batting - Pitching for Hillsboro Hops : LHP Chris Bonfanti
Pitching: LHP Chris Bonfanti
Batting: RHB Cesar Martinez 0-0: Fly out, F3 (Popup, 3F, EV 65.0 MPH)
Batting: RHB Frank Pena 0-0: Ball
1-0: Ball
2-0: Ball
3-0: Called Strike
3-1: Called Strike
3-2: DOUBLE (Line Drive, 7LM, EV 99.4 MPH)
Batting: RHB Troy Trice 0-0: Called Strike
0-1: Ball
1-1: Ball
Frank Pena steals 3rd base
2-1: Ball
3-1: Base on Balls
Batting: RHB Omar Jordan 0-0: Ball
1-0: Ball
2-0: Foul Ball, location: 2F
2-1: Swinging Strike
2-2: Strikes out swinging
Batting: LHB Gil Caraveo 0-0: Ball
1-0: Ball
2-0: Foul Ball, location: 2F
2-1: Ground out 4-3 (Groundball, 34S, EV 78.8 MPH)
Bottom of the 1st over - 0 runs, 1 hit, 0 errors, 2 left on base; Hillsboro 3 - Salem-Keizer 0
TOP OF THE 2ND
Hillsboro Hops batting - Pitching for Salem-Keizer Volcanoes : RHP Dan Giles
Batting: RHB Roberto Monzon 0-0: Fly out, F9 (Flyball, 9, EV 86.9 MPH)
Batting: RHB Daniel Rivera 0-0: Fly out, F9 (Flyball, 9D, EV 100.6 MPH)
Batting: RHB Gary Hills 0-0: Ball
1-0: Ball
2-0: Swinging Strike
2-1: Foul Ball, location: 2F
2-2: SINGLE (Groundball, 6MD, EV 106.9 MPH)
Batting: RHB Longfellow Wetzler 0-0: Ball
1-0: Called Strike
1-1: Ball
2-1: TRIPLE (Flyball, 9D, EV 105.0 MPH)
Gary Hills scores
Batting: RHB Nelson Ozuna 0-0: Ball
1-0: Ball
2-0: Foul Ball, location: 2F
2-1: Called Strike
2-2: Foul Ball, location: 2F
2-2: Ball
3-2: SINGLE (Groundball, 4M, EV 111.2 MPH) (infield hit)
Longfellow Wetzler scores
Batting: LHB Koson Hirai 0-0: Called Strike
0-1: TRIPLE (Line Drive, 8LXD, EV 113.1 MPH)
Nelson Ozuna scores
Pitching: RHP Kyle Rindels
Batting: RHB Terry Jarrells 0-0: Ball
1-0: Swinging Strike
1-1: Swinging Strike
1-2: Strikes out looking
Top of the 2nd over - 3 runs, 4 hits, 0 errors, 1 left on base; Hillsboro 6 - Salem-Keizer 0
BOTTOM OF THE 2ND
Salem-Keizer Volcanoes batting - Pitching for Hillsboro Hops : LHP Chris Bonfanti
Batting: RHB Josh Truell 0-0: Fly out, F7 (Flyball, 7, EV 95.6 MPH)
Batting: RHB Sam Smith 0-0: Ball
1-0: Ground out 6-3 (Groundball, 6, EV 98.8 MPH)
Batting: RHB Pedro Quezada 0-0: Called Strike
0-1: Ball
1-1: Ball
2-1: Ground out 4-3 (Groundball, 4M, EV 86.9 MPH)
Bottom of the 2nd over - 0 runs, 0 hits, 0 errors, 0 left on base; Hillsboro 6 - Salem-Keizer 0
TOP OF THE 3RD
Hillsboro Hops batting - Pitching for Salem-Keizer Volcanoes : RHP Kyle Rindels
Batting: RHB D.J. Cooke 0-0: Called Strike
0-1: Swinging Strike
0-2: Strikes out swinging
Batting: RHB Sean Tanner 0-0: Called Strike
0-1: Ball
1-1: Ball
2-1: Ball
3-1: Called Strike
3-2: Foul Ball, location: 2F
3-2: Base on Balls
Batting: RHB Roberto Monzon 0-0: Ball
1-0: Foul Ball, location: 2F
1-1: Called Strike
1-2: Ball
2-2: Ball
3-2: Foul Ball, location: 2F
3-2: Foul Ball, location: 2F
3-2: Strikes out swinging
Batting: RHB Daniel Rivera 0-0: Called Strike
0-1: Ground out 4-3 (Groundball, 34, EV 100.6 MPH)
Top of the 3rd over - 0 runs, 0 hits, 0 errors, 1 left on base; Hillsboro 6 - Salem-Keizer 0
BOTTOM OF THE 3RD
Salem-Keizer Volcanoes batting - Pitching for Hillsboro Hops : LHP Chris Bonfanti
Batting: RHB Ed Broomhead 0-0: Ground out 3-1 (Groundball, 34S, EV 87.5 MPH)
Batting: RHB Cesar Martinez 0-0: Foul Ball, location: 2F
0-1: Ball
1-1: Called Strike
1-2: Fly out, F8 (Flyball, 8RM, EV 91.2 MPH)
Batting: RHB Frank Pena 0-0: Ball
1-0: Swinging Strike
1-1: Ground out 1-3 (Groundball, 13, EV 72.5 MPH)
Bottom of the 3rd over - 0 runs, 0 hits, 0 errors, 0 left on base; Hillsboro 6 - Salem-Keizer 0
TOP OF THE 4TH
Hillsboro Hops batting - Pitching for Salem-Keizer Volcanoes : RHP Kyle Rindels
Batting: RHB Gary Hills 0-0: Ball
1-0: Ball
2-0: Ball
3-0: Called Strike
3-1: Base on Balls
Batting: RHB Longfellow Wetzler 0-0: Foul Ball, location: 2F
0-1: Ball
1-1: Called Strike
1-2: Foul Ball, location: 2F
Balk!
Gary Hills to second
1-2: 2-RUN HOME RUN (Flyball, 7D, EV 110.0 MPH), Distance : 417 ft
Batting: RHB Nelson Ozuna 0-0: Swinging Strike
0-1: Ball
1-1: Fly out, F7 (Line Drive, 7, EV 98.8 MPH)
Batting: LHB Koson Hirai 0-0: Ground out U3 (Groundball, 3L, EV 82.5 MPH)
Batting: RHB Terry Jarrells 0-0: Called Strike
0-1: Ball
1-1: Called Strike
1-2: Foul Ball, location: 2F
1-2: Foul Ball, location: 2F
1-2: Strikes out swinging
Top of the 4th over - 2 runs, 1 hit, 0 errors, 0 left on base; Hillsboro 8 - Salem-Keizer 0
BOTTOM OF THE 4TH
Salem-Keizer Volcanoes batting - Pitching for Hillsboro Hops : LHP Chris Bonfanti
Batting: RHB Troy Trice 0-0: Foul Ball, location: 2F
0-1: Ball
1-1: TRIPLE (Flyball, 7LD, EV 113.1 MPH)
Pinch Runner at 3rd Justin Layton:
Batting: RHB Omar Jordan 0-0: Ball
1-0: Ball
Passed Ball!
Justin Layton scores
2-0: Foul Ball, location: 2F
2-1: Foul Ball, location: 2F
2-2: SINGLE (Groundball, 56D, EV 101.9 MPH)
Batting: LHB Gil Caraveo 0-0: Ball
1-0: Reached on error, E1 (Groundball, 13, EV 74.4 MPH)
Omar Jordan to second
Batting: RHB Josh Truell 0-0: Called Strike
0-1: Foul Ball, location: 2F
0-2: Strikes out swinging
Batting: RHB Sam Smith 0-0: Ball
1-0: Foul Ball, location: 2F
1-1: Ball
2-1: Grounds into double play, 6-4-3 (Groundball, 6, EV 86.2 MPH)
Bottom of the 4th over - 1 run, 2 hits, 1 error, 1 left on base; Hillsboro 8 - Salem-Keizer 1
TOP OF THE 5TH
Hillsboro Hops batting - Pitching for Salem-Keizer Volcanoes : RHP Kyle Rindels
Batting: RHB D.J. Cooke 0-0: Called Strike
0-1: Swinging Strike
0-2: Strikes out looking
Batting: RHB Sean Tanner 0-0: Ball
1-0: Foul Ball, location: 2F
1-1: Ball
2-1: Foul Ball, location: 2F
2-2: Strikes out swinging
Batting: RHB Roberto Monzon 0-0: Ball
1-0: Ball
2-0: Swinging Strike
2-1: Ball
3-1: Swinging Strike
3-2: Foul Ball, location: 2F
3-2: Base on Balls
Pitching: RHP Sam Drews
Batting: RHB Daniel Rivera 0-0: Ball
1-0: Fly out, F7 (Flyball, 7S, EV 84.4 MPH)
Top of the 5th over - 0 runs, 0 hits, 0 errors, 1 left on base; Hillsboro 8 - Salem-Keizer 1
BOTTOM OF THE 5TH
Salem-Keizer Volcanoes batting - Pitching for Hillsboro Hops : LHP Chris Bonfanti
Batting: RHB Pedro Quezada 0-0: Ground out 5-3 (Groundball, 56, EV 103.8 MPH)
Batting: RHB Ed Broomhead 0-0: Foul Ball, location: 2F
0-1: Fly out, F9 (Line Drive, 9LS, EV 91.2 MPH)
Batting: RHB Cesar Martinez 0-0: Called Strike
0-1: Ground out 5-3 (Groundball, 56S, EV 81.2 MPH)
Bottom of the 5th over - 0 runs, 0 hits, 0 errors, 0 left on base; Hillsboro 8 - Salem-Keizer 1
TOP OF THE 6TH
Hillsboro Hops batting - Pitching for Salem-Keizer Volcanoes : RHP Sam Drews
Batting: RHB Gary Hills 0-0: Swinging Strike
0-1: Fly out, F8 (Flyball, 78M, EV 90.6 MPH)
Batting: RHB Longfellow Wetzler 0-0: SINGLE (Flyball, 6D, EV 89.4 MPH)
Batting: RHB Nelson Ozuna 0-0: Ball
1-0: Ball
2-0: Ball
3-0: Foul Ball, location: 2F
3-1: Foul Ball, location: 2F
3-2: Foul Ball, location: 2F
3-2: Strikes out looking
Batting: LHB Koson Hirai 0-0: Ball
Longfellow Wetzler steals 2nd base
1-0: Called Strike
1-1: Reached on error, E4 (Groundball, 4, EV 88.1 MPH)
Longfellow Wetzler scores
Batting: RHB Terry Jarrells 0-0: Ball
1-0: Ground out 5-3 (Groundball, 56, EV 86.9 MPH)
Top of the 6th over - 1 run, 1 hit, 1 error, 1 left on base; Hillsboro 9 - Salem-Keizer 1
BOTTOM OF THE 6TH
Salem-Keizer Volcanoes batting - Pitching for Hillsboro Hops : LHP Chris Bonfanti
Batting: RHB Frank Pena 0-0: Ball
1-0: Ball
2-0: Ball
3-0: Called Strike
3-1: Base on Balls
Batting: RHB Justin Layton 0-0: Ball
Frank Pena is caught stealing 2nd base 2-4
1-0: Ball
2-0: Foul Ball, location: 2F
2-1: Ball
3-1: Ground out U3 (Groundball, 3, EV 85.6 MPH)
Batting: RHB Omar Jordan 0-0: Called Strike
0-1: Swinging Strike
0-2: Strikes out looking
Bottom of the 6th over - 0 runs, 0 hits, 0 errors, 0 left on base; Hillsboro 9 - Salem-Keizer 1
TOP OF THE 7TH
Hillsboro Hops batting - Pitching for Salem-Keizer Volcanoes : RHP Sam Drews
Batting: RHB D.J. Cooke 0-0: TRIPLE (Flyball, 8RXD, EV 94.4 MPH)
Batting: RHB Sean Tanner 0-0: Ball
1-0: Foul Ball, location: 2F
1-1: Ground out U3 (Groundball, 34S, EV 79.4 MPH)
D.J. Cooke scores
Pinch Hitting: LHB Josh Kirk 0-0: Swinging Strike
0-1: Swinging Strike
0-2: Foul Ball, location: 2F
0-2: Ground out 4-3 (Groundball, 4, EV 81.2 MPH)
Pinch Hitting: RHB Orlando Florez 0-0: Foul Ball, location: 2F
0-1: Ground out 6-3 (Groundball, 6, EV 91.2 MPH)
Top of the 7th over - 1 run, 1 hit, 0 errors, 0 left on base; Hillsboro 10 - Salem-Keizer 1
BOTTOM OF THE 7TH
Salem-Keizer Volcanoes batting - Pitching for Hillsboro Hops : LHP Chris Bonfanti
Now at 1B: Orlando Florez
Now at 2B: D.J. Cooke
Now at 3B: Gary Hills
Now at SS: Josh Kirk
Batting: LHB Gil Caraveo 0-0: Ball
1-0: Ball
2-0: SINGLE (Groundball, 5S, EV 66.9 MPH) (infield hit)
Batting: RHB Josh Truell 0-0: Ball
Wild Pitch!
Gil Caraveo to second
1-0: Ball
2-0: Foul Ball, location: 2F
2-1: Ball
3-1: Called Strike
3-2: SINGLE (Line Drive, 56, EV 106.9 MPH)
Gil Caraveo to third
Batting: RHB Sam Smith 0-0: Called Strike
0-1: Swinging Strike
0-2: Strikes out swinging
Batting: RHB Pedro Quezada 0-0: Ball
1-0: Ball
Passed Ball!
Gil Caraveo scores
Josh Truell to second
2-0: Foul Ball, location: 2F
2-1: Ball
3-1: Foul Ball, location: 2F
3-2: Strikes out looking
Pitching: RHP Addick Huiberts
Batting: RHB Ed Broomhead 0-0: Ground out 4-3 (Groundball, 4, EV 101.9 MPH)
Bottom of the 7th over - 1 run, 2 hits, 0 errors, 1 left on base; Hillsboro 10 - Salem-Keizer 2
TOP OF THE 8TH
Hillsboro Hops batting - Pitching for Salem-Keizer Volcanoes : RHP Sam Drews
Pinch Hitting: RHB Brandon Joshua 0-0: Swinging Strike
0-1: Foul Ball, location: 2F
0-2: Foul Ball, location: 2F
0-2: Foul Ball, location: 2F
0-2: Ball
1-2: Strikes out swinging
Pinch Hitting: RHB Jake Shelton 0-0: Ball
1-0: Called Strike
1-1: Foul Ball, location: 2F
1-2: Ground out 4-3 (Groundball, 4M, EV 86.2 MPH)
Pinch Hitting: SHB Ethan Newby 0-0: Ball
1-0: Called Strike
1-1: Foul Ball, location: 2F
1-2: Foul Ball, location: 2F
1-2: Strikes out looking
Top of the 8th over - 0 runs, 0 hits, 0 errors, 0 left on base; Hillsboro 10 - Salem-Keizer 2
BOTTOM OF THE 8TH
Salem-Keizer Volcanoes batting - Pitching for Hillsboro Hops : RHP Addick Huiberts
Now at 3B: Brandon Joshua
Now in LF: Jake Shelton
Now in RF: Dillon Rizzuto
Batting: RHB Cesar Martinez 0-0: Called Strike
0-1: Ball
1-1: Ball
2-1: Ball
3-1: SINGLE (Flyball, 89S, EV 98.1 MPH)
Batting: RHB Frank Pena 0-0: Swinging Strike
0-1: Ball
1-1: Ball
2-1: Swinging Strike
2-2: Ball
3-2: Base on Balls
Cesar Martinez to second
Batting: RHB Justin Layton 0-0: Called Strike
0-1: Swinging Strike
0-2: Ball
1-2: Strikes out swinging
Pinch Hitting: LHB James Wheaton 0-0: Foul Ball, location: 2F
0-1: Ball
Wild Pitch!
Cesar Martinez to third
Frank Pena to second
1-1: Ball
2-1: Called Strike
2-2: Strikes out swinging
Batting: LHB Gil Caraveo 0-0: Ball
1-0: Ball
2-0: Ball
3-0: Base on Balls
Batting: RHB Josh Truell 0-0: Ball
1-0: Called Strike
1-1: Called Strike
1-2: Strikes out swinging
Bottom of the 8th over - 0 runs, 1 hit, 0 errors, 3 left on base; Hillsboro 10 - Salem-Keizer 2
TOP OF THE 9TH
Hillsboro Hops batting - Pitching for Salem-Keizer Volcanoes : RHP Sam Drews
Pitching: RHP Danny MacKinnon
Now at 2B: Josh Truell
Now at SS: Willie Sanchez
Batting: LHB Koson Hirai 0-0: Called Strike
0-1: SOLO HOME RUN (Flyball, 7D, EV 105.0 MPH), Distance : 397 ft
Batting: RHB Terry Jarrells 0-0: Ball
1-0: Foul Ball, location: 2F
1-1: SINGLE (Line Drive, 34D, EV 100.0 MPH)
Batting: RHB D.J. Cooke 0-0: Ball
1-0: Called Strike
1-1: Foul Ball, location: 2F
1-2: Strikes out swinging
Pinch Hitting: RHB Joe Myers 0-0: Swinging Strike
0-1: Ball
1-1: Ball
2-1: Ball
3-1: Swinging Strike
3-2: Strikes out looking
Batting: LHB Josh Kirk 0-0: Foul Ball, location: 2F
0-1: Foul Ball, location: 2F
0-2: Ball
1-2: Fielders Choice at 2nd, 5-4 (Groundball, 5D, EV 85.6 MPH)
Top of the 9th over - 1 run, 2 hits, 0 errors, 1 left on base; Hillsboro 11 - Salem-Keizer 2
BOTTOM OF THE 9TH
Salem-Keizer Volcanoes batting - Pitching for Hillsboro Hops : RHP Addick Huiberts
Now at C: Joe Myers
Batting: RHB Sam Smith 0-0: Ball
1-0: Ball
2-0: Ball
3-0: Called Strike
3-1: Swinging Strike
3-2: Foul Ball, location: 2F
3-2: Base on Balls
Batting: RHB Pedro Quezada 0-0: Fielders Choice at 2nd, 5-4 (Groundball, 56, EV 82.5 MPH)
Batting: RHB Ed Broomhead 0-0: Called Strike
0-1: Ball
1-1: Foul Ball, location: 2F
1-2: Foul Ball, location: 2F
1-2: Ball
2-2: Foul Ball, location: 2F
2-2: Fielders Choice at 2nd, 1-6 (Groundball, 34S, EV 65.6 MPH)
Pitching: RHP Kyle Bradley
Batting: RHB Cesar Martinez 0-0: Swinging Strike
0-1: Swinging Strike
0-2: Ball
Wild Pitch!
Ed Broomhead to second
1-2: Strikes out looking
Bottom of the 9th over - 0 runs, 0 hits, 0 errors, 1 left on base; Hillsboro 11 - Salem-Keizer 2
Thursday, December 15th , 2022 - OOTP Baseball 23.9 Build 102